AoeStats
← GhostyD

Oasis

508919493Analyzed
2v2 RM · 7d ago on Sep 24, 2026· 25m 26s· 4 players
Game mode
Random Map
Map size
Medium (4 player)
Population
200
Speed
Normal
Resources
Standard
Victory
Conquest
Starting age
Dark Age
Ending age
Imperial Age
RankedLock teamsTeams togetherTeam positionsShared explorationLock speedFull tech treeHidden civsTurbo modeCheats
Victory
Defeat
🇦🇷 Saracens · Argentina
1324
+17
🇨🇴 Magyars · Colombia
1306
+17
🇳🇴 Danes · Norway
1357
-18
🇳🇴 Danes · Norway
1322
-16
yonxd
6:25 Loom
9:10 Feudal Age
11:29 Double-Bit Axe
20:21 Castle Age
19:41 Scale Barding Armor
21:02 Bloodlines
21:16 Husbandry
Cleopatra
10:27 Feudal Age
10:49 Loom
12:38 Fletching
12:45 Double-Bit Axe
12:41 Horse Collar
21:35 Castle Age
20:24 Gold Mining
21:23 Padded Archer Armor
21:39 Crossbowman
22:17 Bodkin Arrow
GhostyD
10:24 Feudal Age
15:47 Castle Age
14:30 Double-Bit Axe
14:27 Horse Collar
16:31 Loom
16:57 Scale Mail Armor
22:39 Fletching
24:25 Elite Skirmisher
MS-Skitat
11:00 Feudal Age
14:13 Wheelbarrow
13:25 Loom
13:32 Double-Bit Axe
16:09 Castle Age
14:09 Horse Collar
17:16 Scale Mail Armor
22:42 Double-Bit Axe
23:41 Squires
23:31 Gambesons
24:38 Chain Mail Armor
Connection lost

Rejoining the realm…

Still unreachable

The connection could not be restored.

Session expired

The server has moved on; the page needs a fresh start.